 Dungeon Crawl Stone Soup version 0.31-a0-851-g7ff8af7976 (webtiles) character file.

Game seed: 8666054251453370301

60613 avis the Metamorph (level 15, -4/162 (166) HPs)
             Began as a Hill Orc Monk on Oct 5, 2023.
             Was the Champion of Beogh.
             Killed from afar by an orc sorcerer (11 damage)
             ... with a bolt of negative energy
             ... on level 2 of the Orcish Mines on Oct 6, 2023.
             The game lasted 02:49:56 (27147 turns).

avis the Metamorph (Hill Orc Monk)                 Turns: 27147, Time: 02:49:56

HP:   -4/162 (166)  AC: 24    Str: 22      XL:     15   Next: 0%
MP:   30/30         EV: 13    Int:  7 (10) God:    Beogh [******]
Gold: 1943          SH:  5    Dex: 13      Spells: 14/14 levels left

rFire   . .          .
                       - Unarmed
rCold   . . .        p - +0 buckler
rNeg    + . .        (body armour currently unavailable)
rPois   ∞            (no helmet)
rElec   +            I - scarf {repulsion}
rCorr   .            (gloves currently unavailable)
SInv    .            (boots currently unavailable)
Will    +....        v
                       - Hermit's Pendant {Faith Invo=14 Evo=0 MP+5}
Stlth   +            i - +4 ring of protection
HPRegen 0.47/turn    z - +4 ring of slaying
MPRegen 0.22/turn

%: repel missiles, faith
@: about to teleport, statue-form, corroded, lightly drained, very slow
A: slow and powerful, torment resistance 1, boosted hp, walk on water
a: Begin Untransformation, Renounce Religion, Smiting, Recall Orcish Followers,
Give Item to Named Follower, Resurrection


You were on level 2 of the Orcish Mines.
You worshipped Beogh.
Beogh was exalted by your worship.
You were a living statue of rough stone.
You visited 5 branches of the dungeon, and saw 19 of its levels.
You also visited: Ossuary.

You collected 2081 gold pieces.
You spent 138 gold pieces at shops.

Inventory:

Hand Weapons
 b - a +2 sling of flaming
 F - a +0 trident
 L - a +0 halberd
Armour
 e - the +2 pair of gloves "Jaeleen" {rPois rC++ Regen+ MP-9}
   (You found it on level 1 of the Spider Nest)

   rC++:      It greatly protects you from cold.
   rPois:     It protects you from poison MP-9: It affects your magic capacity
   (-9).
   Regen+:    It increases your rate of health regeneration.
 p - a +0 buckler (worn)
 E - a +0 plate armour
 I - a scarf of repulsion (worn)
 K - a +0 cloak
 M - a +0 plate armour
 N - a +0 plate armour
 O - a +0 plate armour
 P - a +0 plate armour
Jewellery
 g - a ring of fire
 i - a +4 ring of protection (left fist)
 k - a ring of protection from cold
 v - the Hermit's Pendant (around neck) {Faith Invo=14 Evo=0 MP+5}
   (You found it on level 5 of the Dungeon)

   [amulet of faith]

   Invo=14: It sets your Invocations skill to 14.
   Evo=0: It sets your Evocations skill to 0.
   Faith:     It allows you to gain divine favour quickly.
   MP+5:      It affects your magic capacity (+5).
 z - a +4 ring of slaying (right fist)
 T - a ring of see invisible
Talismans
 s - a serpent talisman
 G - a granite talisman (active)
Wands
 d - a wand of acid (13)
 t - a wand of charming (4)
 u - a wand of polymorph (15)
 y - a wand of mindburst (26)
 J - a wand of roots (9)
Scrolls
 f - 4 scrolls of enchant armour {unknown}
 h - 3 scrolls of poison {unknown}
 n - 2 scrolls of amnesia {unknown}
 q - 2 scrolls of fear {unknown}
 r - 8 scrolls of teleportation
 x - a scroll of brand weapon {unknown}
 A - 3 scrolls of fog {unknown}
 B - a scroll of immolation {unknown}
 C - a scroll of summoning {unknown}
 Q - a scroll of silence {unknown}
 R - a scroll of revelation {unknown}
 V - 4 scrolls of enchant weapon {unknown}
Potions
 c - a potion of berserk rage
 j - 2 potions of invisibility
 l - 2 potions of haste
 m - 2 potions of curing
 o - 2 potions of magic
 w - 4 potions of enlightenment
 D - 2 potions of brilliance
 H - 2 potions of lignification
 U - 2 potions of might
Miscellaneous
 a - a box of beasts


   Skills:
 - Level 10.4 Fighting
 - Level 5.0 Armour
 - Level 5.0 Dodging
 - Level 5.0 Shields
 - Level 12.0 Unarmed Combat
 * Level 17.4 Shapeshifting


You had 14 spell levels left.
You didn't know any spells.
Your spell library contained the following spells:

 Spells                   Type           Power      Damage    Failure   Level
 Freeze                   Ice            0%         1d3       50%         1
 Magic Dart               Conj           0%         1d3       50%         1
 Sting                    Tmut/Pois      0%         1d3       50%         1
 Cigotuvi's Dreadful Rot  Necr/Pois/Air  0%         N/A       63%         2
 Lesser Beckoning         Tloc           0%         N/A       63%         2
 Poisonous Vapours        Pois/Air       0%         N/A       63%         2
 Searing Ray              Conj           0%         2d4       63%         2
 Frozen Ramparts          Ice            0%         1d1       86%         3
 Gell's Gravitas          Tloc           0%         N/A       86%         3
 Hailstorm                Conj/Ice       0%         3d3       86%         3
 Inner Flame              Hex/Fire       0%         N/A       86%         3
 Mephitic Cloud           Conj/Pois/Air  0%         N/A       86%         3
 Ozocubu's Armour         Ice            0%         N/A       86%         3
 Teleport Other           Tloc           0%         N/A       86%         3
 Dispel Undead            Necr           0%         3d6       99%         4
 Fulminant Prism          Conj/Hex       0%         3d5       99%         4
 Olgreb's Toxic Radiance  Pois           0%         N/A       99%         4
 Vhi's Electric Charge    Tloc/Air       0%         N/A       99%         4
 Arcjolt                  Conj/Air       0%         1d10      100%        5
 Freezing Cloud           Conj/Ice/Air   0%         6-21      100%        5
 Metabolic Englaciation   Hex/Ice        0%         N/A       100%        5
 Yara's Violent Unravell  Hex/Tmut       0%         3d3       100%        5
 Death Channel            Necr           0%         N/A       100%        6
 Simulacrum               Ice/Necr       0%         N/A       100%        6
 Enfeeble                 Hex            0%         N/A       100%        7
 Maxwell's Capacitive Co  Air            0%         ∞         100%        8


Dungeon Overview and Level Annotations

Branches:
Dungeon (10/15)            Temple (1/1) D:4            Lair (5/5) D:9
  Swamp (0/4) Lair:2       Spider (1/4) Lair:2        Slime (0/5) Lair:4
    Orc (2/2) D:10            Elf (0/3) Orc:2       Ossuary (visited)

Altars:
Ashenzari
Cheibriados
Dithmenos
Elyvilon
Fedhas
Gozag
Hepliaklqana
Kikubaaqudgha
Makhleb
Nemelex Xobeh
Okawaru
Qazlal
Ru
Sif Muna
Trog
Uskayaw
Vehumet
Wu Jian
Xom
Yredelemnul
Zin
The Shining One
Beogh
Jiyva
Lugonu

Shops:
D:2 :   D:9 [   D:10 *(*   Orc:1 *(

Portals:
Abyss: Lair:5

Annotations:
D:4 1 runed translucent door, LeprechaunX's ghost, novice OpSh


Message History

The orc knight hits you with a +0 great sword!!
The orc sorcerer hits Borgk with a +0 dagger.
Borgk hits the orc knight with a +0 club!
The orc knight hits you with a +0 war axe!
The orc knight hits Borgk with a +0 war axe!!
Borgk dies!
You hear a shout!
You hit the orc knight but do no damage.
The orc knight is moderately wounded.
The orc sorcerer no longer looks unusually strong.
The orc knight hits you with a +0 great sword!!
* * * LOW HITPOINT WARNING * * *
An orc priest comes into view.
It is wielding a +0 short sword of speed.
The orc knight roars a battlecry!
The orc sorcerer goes into a battle-frenzy!
You hit the orc knight but do no damage.
The orc knight is moderately wounded.
The orc priest no longer looks unusually strong.
The orc knight hits you with a +0 great sword!
* * * LOW HITPOINT WARNING * * *
The orc sorcerer mumbles some strange words.
As you read the scroll of teleportation, it crumbles to dust.
You feel strangely unstable.
The orc knight no longer looks unusually strong.
You block the orc knight's attack.
The orc knight roars a battlecry!
The orc priest goes into a battle-frenzy!
The orc knight roars a battlecry!
The orc knight goes into a battle-frenzy!
The orc sorcerer hits you with a +0 dagger.
* * * LOW HITPOINT WARNING * * *
The orc knight hits you with a +0 war axe!
* * * LOW HITPOINT WARNING * * *
The orc priest invokes the aid of Beogh against you.
Beogh smites you!
* * * LOW HITPOINT WARNING * * *
The orc sorcerer casts a spell at you. The bolt of negative energy hits you!
You partially resist.
You feel drained.
You die...
Beogh appreciates the orc sorcerer's killing of a heretic priest.

........# ##.... ....##.##
...÷) .....### ##...÷
.##.## ##.÷.÷ ##### #.o.4 #
##.3) ### #.oo# ..## #.o)##
...## #...8### ....#
##.....#######. ...###
##.......[.... ...#.##
##.[..).[..# ......#
###.......#. ......#
####[......# .....##
##.#)#....... ......# ###
#...)........
.###.####.#####..)[#.....$#


You could see 2 orc knights, a neqoxec (summoned), an orc sorcerer (strong) and
an orc priest (strong).

Vanquished Creatures
  A broodmother (Spider:1)
  The ghost of baller8008 the Eclecticist, a journeyman DECj of Hepliaklqana (Orc:1)
  A spark wasp (Spider:1)
  2 hydras (Lair:4)
  Erolcha (Orc:1)
  A catoblepas (Lair:5)
  2 radroaches (Spider:1)
  A boulder beetle (Spider:1)
  2 orc high priests (Orc:2)
  3 thrashing horrors (Lair:5)
  Amaemon (D:9)
  A pharaoh ant (Spider:1)
  An orb spider (Spider:1)
  An ugly thing (Lair:5)
  2 steelbarb worms (Spider:1)
  An orc knight (Orc:2)
  A cyclops (Orc:2)
  3 orc sorcerers
  A wolf spider (Spider:1)
  Joseph (D:9)
  2 elephants (Lair:5)
  4 black mambas
  An orange demon (Lair:1)
  2 smoke demons (Lair:5)
  6 cane toads
  A rime drake (Lair:1)
  A gargoyle (D:10)
  5 komodo dragons
  A hornet (D:9)
  3 trolls
  2 polar bears (Lair:5)
  7 tarantellas (Spider:1)
  A tyrant leech (Lair:2)
  5 dream sheep (Lair:5)
  5 blink frogs (Lair:5)
  2 raiju (Lair:5)
  A centaur simulacrum (D:10)
  4 jumping spiders (Spider:1)
  2 culicivoras (Spider:1)
  A vampire (D:9)
  A shadow (D:10)
  5 small abominations (Lair:5)
  A spriggan (Lair:5)
  3 wyverns
  Eustachio (D:6)
  A ynoxinul (Lair:5)
  42 yaks
  4 basilisks (Lair:5)
  5 steam dragons
  7 redbacks
  4 wargs
  A large abomination (Lair:5)
  A swamp worm (Lair:2)
  An acid dragon (D:10)
  12 water moccasins
  Duvessa (D:4)
  A sky beast (D:8)
  An ice beast (D:10)
  A black bear (D:7)
  7 orc warriors
  3 wolves
  6 ogres
  2 centaurs
  3 phantoms
  6 bullfrogs
  3 gnoll sergeants
  3 scorpions
  6 wights
  Dowan (D:4)
  12 killer bees (D:9)
  2 howler monkeys
  2 gnoll boudas
  A hound (D:5)
  An orc priest (Orc:2)
  A sleepcap (D:6)
  8 orc wizards
  Ijyb (D:3)
  4 iguanas
  3 hell rats (Lair:3)
  4 mummies
  10 gnolls
  4 adders
  2 white imps
  3 ufetubi
  3 adder zombies (Ossuary)
  4 worms
  A dart slug (D:3)
  14 orcs
  5 endoplasms
  3 giant cockroaches
  12 goblins
  4 hobgoblins
  5 kobolds
  6 quokkas
  2 training dummies (D:4)
  7 ball pythons
  6 bats
  5 frilled lizards
  3 goblin zombies (Ossuary)
  3 hobgoblin zombies (Ossuary)
  A kobold zombie (Ossuary)
  An orc zombie (Ossuary)
  4 quokka zombies (Ossuary)
  4 rats
  3 rat zombies (Ossuary)
371 creatures vanquished.

Vanquished Creatures (collateral kills)
  An orc warlord (Orc:1)
  An entropy weaver (shapeshifter) (Lair:5)
  A radroach (Spider:1)
  A jorogumo (Spider:1)
  A two-headed ogre (D:10)
  A fire crab (shapeshifter) (Lair:5)
  A sun moth (Spider:1)
  A steelbarb worm (Spider:1)
  6 wolf spiders (Spider:1)
  An orc knight (Orc:2)
  4 elephants
  3 black mambas
  2 cane toads
  A smoke demon (Lair:5)
  7 komodo dragons
  An unseen horror (D:10)
  2 trolls
  14 tarantellas (Spider:1)
  A tarantella (shapeshifter) (Lair:5)
  2 dream sheep (Lair:5)
  8 blink frogs (Lair:5)
  3 jumping spiders (Spider:1)
  4 culicivoras (Spider:1)
  18 yaks
  4 basilisks (Lair:5)
  8 redbacks (Spider:1)
  3 wargs
  4 small abominations (Lair:5)
  An acid dragon (D:10)
  6 water moccasins
  2 orc warriors (Orc:2)
  An ice beast (D:10)
  A boggart (D:10)
  4 wolves
  2 wights (D:8)
  4 killer bees
  2 howler monkeys (D:10)
  4 orc priests
  3 orc wizards
  7 hell rats (Lair:3)
  2 ufetubi (D:10)
  23 orcs
166 creatures vanquished.

Vanquished Creatures (others)
  4 orc knights
  An orc high priest (Orc:2)
  2 orc sorcerers
  A blink frog (Lair:5)
  7 orc warriors
  8 orc priests
  7 orc wizards
  38 orcs
68 creatures vanquished.

Grand Total: 605 creatures vanquished

Notes
Turn   | Place    | Note
-------+----------+-------------------------------------------
     0 | D:1      | avis the Hill Orc Monk began the quest for the Orb.
     0 | D:1      | Reached XP level 1. HP: 19/19 MP: 1/1
   104 | D:1      | Reached XP level 2. HP: 16/27 MP: 2/2
   328 | D:1      | You fall into a shaft and drop 1 floor!
   489 | D:1      | Reached XP level 3. HP: 33/33 MP: 3/3
   850 | D:2      | Noticed a walking divine tome
   858 | D:2      | Found Kamaxt's Book Emporium.
   858 | D:2      | Noticed a walking frostbound tome
  1197 | D:2      | Reached XP level 4. HP: 29/41 MP: 4/4
  2046 | D:3      | Noticed Ijyb
  2056 | D:3      | Killed Ijyb
  2135 | D:3      | Reached skill level 1 in Armour
  2670 | D:3      | Noticed an ogre
  2673 | D:3      | Reached skill level 5 in Unarmed Combat
  2687 | D:3      | Killed an ogre
  2688 | D:3      | Reached XP level 5. HP: 46/47 MP: 5/5
  2802 | D:4      | Noticed a phantom
  2812 | D:4      | Killed a phantom
  2813 | D:4      | Reached skill level 5 in Fighting
  2813 | D:4      | Reached XP level 6. HP: 47/56 MP: 6/6
  2953 | D:4      | Found a sand-covered staircase.
  2968 | Ossuary  | Entered an ossuary
  3411 | D:4      | Found a staircase to the Ecumenical Temple.
  3497 | D:4      | Found a runed translucent door.
  3687 | Temple   | Entered the Ecumenical Temple
  3743 | D:4      | Noticed Duvessa
  3743 | D:4      | Noticed Dowan
  3762 | D:4      | Killed Duvessa
  3763 | D:4      | Reached XP level 7. HP: 43/61 MP: 7/7
  3772 | D:4      | Killed Dowan
  4031 | D:4      | Noticed LeprechaunX's ghost (novice OpSh)
  4048 | D:5      | Entered Level 5 of the Dungeon
  4950 | D:5      | Noticed a komodo dragon
  4951 | D:5      | Found a faded altar of an unknown god.
  4951 | D:5      | Found the Hermit's Pendant {Faith Invo=14 Evo=0 MP+5}
  4964 | D:5      | HP: 2/63 [komodo dragon (6)]
  4965 | D:5      | Killed a komodo dragon
  4966 | D:5      | Reached skill level 5 in Armour
  4966 | D:5      | Reached XP level 8. HP: 3/71 MP: 8/8
  5439 | D:6      | Became a worshipper of Beogh the Brigand
  5439 | D:6      | Reached * piety under Beogh
  5439 | D:6      | Reached ** piety under Beogh
  5559 | D:6      | Noticed Eustachio
  5630 | D:6      | Killed Eustachio
  6411 | D:7      | Found a stormy altar of Qazlal.
  6412 | D:7      | Found a burning altar of Makhleb.
  6469 | D:7      | Reached skill level 1 in Shields
  6565 | D:7      | Reached XP level 9. HP: 37/81 MP: 19/19
  7125 | D:7      | Reached skill level 10 in Unarmed Combat
  7220 | D:7      | Reached *** piety under Beogh
  7371 | D:7      | Found a white marble altar of Elyvilon.
  7376 | D:7      | Found a basalt altar of Yredelemnul.
  8777 | D:8      | Found a roughly hewn altar of Beogh.
  9477 | D:8      | Reached XP level 10. HP: 75/91 MP: 20/20
 10036 | D:8      | Reached skill level 5 in Shields
 10417 | D:9      | Reached skill level 10 in Fighting
 10946 | D:9      | Found Deufish's Armour Shoppe.
 11016 | D:9      | Found a staircase to the Lair.
 11096 | D:9      | Reached skill level 5 in Dodging
 11103 | D:9      | Reached **** piety under Beogh
 11864 | Lair:1   | Entered Level 1 of the Lair of Beasts
 11881 | Lair:1   | Reached skill level 1 in Shapeshifting
 11892 | Lair:1   | Reached skill level 2 in Shapeshifting
 11896 | Lair:1   | Noticed Amaemon
 11897 | Lair:1   | Noticed an orange demon
 12104 | Lair:1   | Killed an orange demon
 12105 | Lair:1   | Reached skill level 3 in Shapeshifting
 12105 | Lair:1   | Reached XP level 11. HP: 88/101 MP: 21/21
 12157 | Lair:1   | Reached skill level 4 in Shapeshifting
 12170 | Lair:1   | Identified the +0 robe of the Twenty Ultimatums {Harm rPois
                  | Will+ Str-3}
 12612 | Lair:1   | Reached skill level 5 in Shapeshifting
 12920 | Lair:1   | Reached skill level 6 in Shapeshifting
 13757 | Lair:2   | Noticed Nergalle
 13764 | Lair:1   | Noticed a spectral orc warlord
 14011 | Lair:2   | Reached skill level 7 in Shapeshifting
 14378 | Lair:2   | Reached skill level 8 in Shapeshifting
 14495 | Lair:2   | Found a hole to the Spider Nest.
 14702 | Lair:2   | Found a staircase to the Swamp.
 15628 | Lair:1   | Upgraded the game from 0.31-a0-848-gaac375c287 to
                  | 0.31-a0-851-g7ff8af7976
 15863 | Lair:3   | Reached XP level 12. HP: 103/107 MP: 22/22
 15899 | Lair:3   | Reached skill level 9 in Shapeshifting
 18022 | Lair:4   | Reached skill level 10 in Shapeshifting
 18264 | Lair:4   | Found a viscous altar of Jiyva.
 18264 | Lair:4   | Found a staircase to the Slime Pits.
 18446 | Lair:4   | Noticed a six-headed hydra
 18453 | Lair:4   | Killed a six-headed hydra
 19087 | Lair:4   | Noticed an eight-headed hydra
 19096 | Lair:4   | Killed an eight-headed hydra
 19594 | Lair:5   | Entered Level 5 of the Lair of Beasts
 19602 | Lair:4   | Reached skill level 11 in Shapeshifting
 19931 | Lair:5   | Noticed a catoblepas
 19934 | Lair:5   | Killed a catoblepas
 20187 | Lair:5   | Reached skill level 12 in Shapeshifting
 20234 | Lair:5   | Reached ***** piety under Beogh
 20235 | Lair:5   | Reached XP level 13. HP: 114/114 MP: 23/23
 20499 | D:9      | Killed Amaemon
 21397 | Lair:5   | Reached skill level 13 in Shapeshifting
 21441 | Lair:5   | Gained Borgoth as an ally
 21449 | Lair:5   | Your ally Borgoth died
 21641 | Lair:5   | a shapeshifter changed into an entropy weaver
 21641 | Lair:5   | Noticed an entropy weaver (shapeshifter)
 21646 | Lair:5   | Killed an entropy weaver
 22321 | Lair:5   | Reached skill level 14 in Shapeshifting
 22330 | Lair:5   | Found a corrupted altar of Lugonu.
 22331 | Lair:5   | Found a one-way gate to the infinite horrors of the Abyss.
 22714 | D:10     | Entered Level 10 of the Dungeon
 22719 | D:10     | Noticed Joseph
 22779 | D:9      | Killed Joseph
 22878 | D:10     | Found a bloodstained altar of Trog.
 22879 | D:10     | Found a blossoming altar of Fedhas.
 22889 | D:10     | Found Nerupras's Antique Weapon Emporium.
 23097 | D:10     | Found Cizif's Assorted Antiques.
 23134 | D:10     | Found a staircase to the Orcish Mines.
 23201 | D:10     | Reached ****** piety under Beogh
 23205 | D:10     | Reached skill level 15 in Shapeshifting
 23212 | D:10     | Reached XP level 14. HP: 112/122 MP: 24/24
 23292 | Orc:1    | Entered Level 1 of the Orcish Mines
 23318 | Orc:1    | Paralysed by an orc sorcerer for 2 turns
 23324 | Orc:1    | Paralysed by an orc sorcerer for 2 turns
 23344 | Orc:1    | Noticed Erolcha
 23355 | Orc:1    | Killed Erolcha
 23689 | D:10     | Found Oghi's General Store.
 23696 | D:10     | Bought a potion of heal wounds for 50 gold pieces
 23696 | D:10     | Bought a scroll of noise for 10 gold pieces
 23866 | D:10     | Bought a scroll labelled DETUCW BIBOF for 39 gold pieces
 23866 | D:10     | Bought a scroll labelled IMOGIM GABUT for 39 gold pieces
 23964 | Spider:1 | Entered Level 1 of the Spider Nest
 23972 | Spider:1 | Identified the +2 pair of gloves "Jaeleen" {rPois rC++
                  | Regen+ MP-9}
 24435 | Spider:1 | Gained Morun as an ally
 24446 | Spider:1 | Your ally Morun died
 24590 | Spider:1 | Reached skill level 16 in Shapeshifting
 24654 | Spider:1 | Noticed a broodmother
 24667 | Spider:1 | Killed a broodmother
 25668 | Orc:1    | Found Omyempom's Weapon Shoppe.
 25700 | Orc:1    | Noticed an orc warlord
 25712 | Orc:1    | Killed an orc warlord
 25713 | Orc:1    | Reached skill level 17 in Shapeshifting
 25714 | Orc:1    | HP: 4/158 [orc knight/+3 glaive of protection (18)]
 26003 | Orc:1    | Found Opsutesi's General Store.
 26149 | Orc:1    | Found a runed translucent door.
 26149 | Orc:1    | Noticed baller8008's ghost (journeyman DECj)
 26159 | Orc:1    | Killed baller8008's ghost
 26306 | Orc:2    | Entered Level 2 of the Orcish Mines
 26927 | Orc:2    | Found a staircase to the Elven Halls.
 27121 | Orc:2    | Paralysed by an orc sorcerer for 2 turns
 27140 | Orc:2    | Gained Borgk as an ally
 27141 | Orc:2    | Reached XP level 15. HP: 115/128 MP: 25/25
 27143 | Orc:2    | Your ally Borgk died
 27147 | Orc:2    | HP: 7/166 [orc priest/divine providence (13)]
 27147 | Orc:2    | Killed from afar by an orc sorcerer

Illustrated notes

Levels and vault maps discovered:
D:1:      eino_arrival_cavern_c, layout_rooms
D:2:      layout_basic, serial_shops, nicolae_shop_mannequins
D:3:      layout_basic, minmay_ogre_servants, uniq_ijyb
D:4:      dreamdust_elfheim, layout_cave_pools, temple_doors_e,
          gup_ossuary_entry_pyramid, ebering_ghost_reflecting_pool
D:5:      layout_basic, hellmonk_guarded_unrand_hermit
D:6:      layout_loops_ring, uniq_eustachio, uniq_duvessa
D:7:      minmay_general_purpose_star, layout_basic,
          nicolae_overflow_macrodata_refinement
D:8:      layout_basic, special_room [special_room_orc]
D:9:      cheibrodos_steamvent, layout_basic, lair_entry_dummy, serial_shops,
          nicolae_shop_crystal
D:10:     layout_big_octagon, jmf_multi_god_temple, erik_orc_4, serial_shops,
          shop, shop, nicolae_diamond_shop, serial_ice, serial_ice_g,
          serial_ice_b, serial_ice_a, serial_ice_d, evilmike_minifort,
          uniq_joseph
Temple:   regret_index_temple_sphere_string
Lair:1:   layout_roguey, infiniplex_staircase_pool_2, uniq_amaemon
Lair:2:   layout_cave_pods, minmay_swamp_entry_worms, spider_nest_entry_rubble,
          st_stairs_5, serial_bayou_shore_a, uniq_nergalle
Lair:3:   layout_cave_pods, grunt_megastairs_3
Lair:4:   layout_small_grid, slime_entry_1
Lair:5:   hellmonk_lair_end_abyssal_woods, layout_hall_layers,
          infiniplex_staircase_pool
Spider:1: layout_chambers
Orc:1:    layout_caves, serial_shops, nicolae_shop_window_shopping, shop,
          gammafunk_ghost_grave, uniq_erolcha
Orc:2:    grunt_orc_tribal_feast, layout_diamond_mine, nicolae_orc_rockfall,
          minmay_orc_barracks

Skill      XL: |  1  2  3  4  5  6  7  8  9 10 11 12 13 14 |
---------------+-------------------------------------------+-----
Fighting       | 4 5 6 8 9 10 | 10.4
Unarmed Combat | 4 5 6 7 9 11 12 | 12.0
Armour         | 2 3 4 5 |  5.0
Shields        | 1 4 5 |  5.0
Dodging        | 5 |  5.0
Shapeshifting  | 3 8 12 15 17 | 17.4

Action                     |  1- 3 |  4- 6 |  7- 9 | 10-12 | 13-15 || total
---------------------------+-------+-------+-------+-------+-------++-------
  Melee: Unarmed           |    90 |    96 |   268 |   455 |   347 ||  1256
         Constrict         |       |       |       |    17 |    23 ||    40
   Fire: Sling             |    33 |    87 |    77 |       |       ||   197
 Invoke: Convert to Beogh  |       |       |     1 |       |       ||     1
         Recall Orcish Fol |       |       |       |     9 |    10 ||    19
         Smiting           |       |       |       |     6 |     5 ||    11
         Stop Recall       |       |       |       |     5 |     5 ||    10
         Give Item to Name |       |       |       |       |     1 ||     1
         Resurrection      |       |       |       |       |     1 ||     1
    Use: Potion            |       |     1 |       |       |     9 ||    10
         Scroll            |       |       |     9 |     5 |     3 ||    17
   Stab: Distracted        |       |       |       |     5 |     5 ||    10
         Sleeping          |       |       |       |     1 |     1 ||     2
 Armour: Robe              |     7 |       |       |       |       ||     7
         Chain mail        |    55 |     2 |       |       |       ||    57
         Ring mail         |     3 |       |       |       |       ||     3
         Leather armour    |       |    33 |     6 |       |       ||    39
         Scale mail        |       |       |   204 |   257 |       ||   461
         Skin              |       |       |       |   108 |   470 ||   578
  Dodge: Dodged            |    50 |    44 |   118 |   192 |   305 ||   709
  Block: Buckler           |       |     7 |    55 |    69 |    95 ||   226
   Form: Statue            |       |       |       |     3 |     4 ||     7
                           |       |       |       |     3 |     3 ||     6
         Anaconda          |       |       |       |     2 |       ||     2

Table legend: (Time is in decaauts)
 A = Elapsed time spent in this place.
 B = Non-inter-level travel time spent in this place.
 C = Inter-level travel time spent in this place.
 D = Time resting spent in this place.
 E = Time spent auto-exploring this place.
 F = Levels seen in this place.
 G = Mean time per level.
                   A        B        C        D        E       F      G
               +--------+--------+--------+--------+--------+-----+--------+
         Total |  29425 |  25071 |   4354 |   6452 |  10270 |  20 | 1471.2 |
       Dungeon |  14178 |  11286 |   2892 |   2005 |   5891 |  10 | 1417.8 |
        Temple |     94 |     89 |      5 |      0 |      0 |   1 |   94.0 |
          Lair |  10393 |   9105 |   1288 |   3733 |   2790 |   5 | 2078.6 |
   Spider Nest |   2296 |   2284 |     12 |    601 |    888 |   1 | 2296.0 |
  Orcish Mines |   2139 |   1983 |    156 |     13 |    700 |   2 | 1069.5 |
       Ossuary |    323 |    323 |      0 |     99 |      0 |   1 |  323.0 |
               +--------+--------+--------+--------+--------+-----+--------+

Top non-repeatable levels by time:
  Lair:1: 3196 daAuts
Spider:1: 2296 daAuts
  Lair:4: 2050 daAuts
  Lair:3: 1884 daAuts
     D:9: 1776 daAuts
     D:5: 1774 daAuts
     D:8: 1671 daAuts
  Lair:5: 1652 daAuts
     D:7: 1648 daAuts
  Lair:2: 1609 daAuts
     D:6: 1601 daAuts
    D:10: 1571 daAuts
     D:4: 1249 daAuts
     D:2: 1218 daAuts
   Orc:2: 1126 daAuts
